 Dungeon Crawl Stone Soup version 0.32-a0-921-g04a7ad8e02 (webtiles) character file.

Game seed: 18310222480918050358

38 DEFE the Chopper (level 3, 29/29 HPs)
             Began as a Coglin Fighter on Apr 11, 2024.
             Quit the game on level 2 of the Dungeon.
             The game lasted 00:01:00 (941 turns).

DEFE the Chopper (Coglin Fighter)                    Turns: 941, Time: 00:01:00

Health: 29/29      AC:  6    Str: 18    XL:     3   Next: 43%
Magic:  3/3        EV:  8    Int:  7    God:
Gold:   38         SH:  0    Dex: 13    Spells: 2/2 levels left

rFire   . . .        a - +0 war axe {Prasit}
rCold   . . .        k - +0 hand axe {Kasem}
rNeg    . . .        b - +0 scale mail
rPois   .            (no helmet)
rElec   .            (no cloak)
rCorr   .            (no gloves)
SInv    .            (no boots)
Will    .....        (amulet unavailable) Stlth
                     (ring unavailable)
HPRegen 0.24/turn    (ring unavailable)
MPRegen 0.08/turn    (no gizmo)

%: no passive effects
@: revving
A: off-hand wielding, slow wielding, warmup strikes, no jewellery
a: Invent Gizmo


You were on level 2 of the Dungeon.
You visited 1 branch of the dungeon, and saw 2 of its levels.

You collected 38 gold pieces.

Inventory:

Hand Weapons
 a - a +0 war axe (weapon) {Prasit}
 k - a +0 hand axe (offhand) {Kasem}
Armour
 b - a +0 scale mail (worn)
 c - a +0 buckler
Scrolls
 e - a scroll of summoning {unknown}
 f - a scroll of noise {unknown}
 g - a scroll of teleportation {unknown}
 i - a scroll of identify {unknown}
Potions
 d - a potion of might
 h - a potion of haste {unknown}
 j - a potion of curing {unknown}


   Skills:
 - Level 3.0 Fighting
 + Level 3.7 Axes
 - Level 2.6 Armour
 - Level 2.1 Shields


You had 2 spell levels left.
You didn't know any spells.
Your spell library contained the following spells:

 Spells                   Type           Power      Damage    Failure   Level
 Frozen Ramparts          Ice            0%         1d1       99%         3
 Ozocubu's Armour         Ice            0%         N/A       99%         3
 Metabolic Englaciation   Hex/Ice        0%         N/A       100%        5


Dungeon Overview and Level Annotations

Branches:
Dungeon (2/15)

Altars:
Nemelex Xobeh


Innate Abilities, Weirdness & Mutations

You can wield a second weapon in your off-hand.
It takes a long time for you to wield or remove held weapons.
Your first few attacks do less damage.
You cannot equip rings or amulets.


Message History

You can now draw from decks of power.
Nemelex will now gift you decks of power as you gain piety.
Nemelex Xobeh deals you some cards!
You now have 2 escape cards and 8 destruction cards.
You see here a rat corpse.
An endoplasm comes into view.
Unknown command.
Unknown command.
The endoplasm barely misses you.
You see here a +2 hat.
Unknown command.
You barely miss the endoplasm with your +0 hand axe.
You hit the endoplasm with your +0 war axe.
You kill the endoplasm!
No target in view!
Unknown command.
A bat comes into view.
The bat hits you but does no damage. x2; The bat closely misses you.
A bat is nearby!
A bat is nearby!
You closely miss the bat with your +0 war axe.
You hit the bat but do no damage. The bat hits you but does no damage.
You slash the bat with your +0 war axe!
You kill the bat!
No target in view!
No target in view!
No target in view!
No target in view!
No target in view!
No target in view!
No target in view!
No target in view!
No target in view!
Okay, then.
You have lost your religion!
Nemelex Xobeh does not appreciate desertion!
Your access to Nemelex Xobeh's decks is revoked.
Unknown command.
Unknown command.
Are you sure you want to abandon this character and quit the game? (Confirm with "yes".)

## . . ## . # .##. .#
.. #. #... .##
...#.####..### ..
............. .#
.....#....# .# ##..
#...@# .#
#..####...##.#
#####..#.... #..#
##.......# #.######.
.......########........
.^..........##...######
.#.....##..........#
.#........####..##.....
_†...[.............####


There were no monsters in sight!

Vanquished Creatures
  2 dart slugs (D:1)
  2 ribbon worms (D:2)
  4 bats
  3 endoplasms
  A giant cockroach (D:1)
  A goblin (D:1)
  5 hobgoblins
  A kobold (D:2)
  A quokka (D:1)
  3 ball pythons
  3 frilled lizards
  A rat (D:2)
27 creatures vanquished.

Notes
Turn   | Place    | Note
-------+----------+-------------------------------------------
     0 | D:1      | DEFE the Coglin Fighter began the quest for the Orb.
     0 | D:1      | Reached XP level 1. HP: 18/18 MP: 1/1
   132 | D:1      | Reached XP level 2. HP: 24/24 MP: 2/2
   665 | D:1      | Reached XP level 3. HP: 26/29 MP: 3/3
   804 | D:2      | Found a faded altar of an unknown god.
   914 | D:2      | Prayed at the altar of an unknown god.
   914 | D:2      | Became a worshipper of Nemelex Xobeh the Trickster
   914 | D:2      | Reached * piety under Nemelex Xobeh
   914 | D:2      | Received a gift from Nemelex Xobeh
   940 | D:2      | Fell from the grace of Nemelex Xobeh
   941 | D:2      | Quit the game

Illustrated notes

Levels and vault maps discovered:
D:1:      saegor_arrival_simple_a, layout_loops_ring, minmay_hedge_maze,
          grunt_decor_resistance
D:2:      layout_rooms, basic_ecumenical_altar, minmay_worlds_worst_comb

Skill      XL: |  1  2 |
---------------+-------+-----
Axes           | 3 |  3.7
Fighting       | |  3.0
Armour         | |  2.6
Shields        | |  2.1

Action                     || total
---------------------------++-------
  Melee: War axe           ||    76
         Hand axe          ||     4
 Invoke: Renounce Religion ||     1
 Armour: Scale mail        ||    59
  Dodge: Dodged            ||    45
  Block: Buckler           ||    11

Table legend: (Time is in decaauts)
 A = Elapsed time spent in this place.
 B = Non-inter-level travel time spent in this place.
 C = Inter-level travel time spent in this place.
 D = Time resting spent in this place.
 E = Time spent auto-exploring this place.
 F = Levels seen in this place.
 G = Mean time per level.
                   A        B        C        D        E       F      G
               +--------+--------+--------+--------+--------+-----+--------+
         Total |    969 |    937 |     32 |     48 |    652 |   2 |  484.5 |
       Dungeon |    969 |    937 |     32 |     48 |    652 |   2 |  484.5 |
               +--------+--------+--------+--------+--------+-----+--------+

Top non-repeatable levels by time:
     D:1: 783 daAuts
     D:2: 185 daAuts
